 Dungeon Sprint DCSS version 0.21.1-1-g345015f (webtiles) character file.

127 Fang the Skirmisher (level 5, -4/38 HPs)
             Began as a Gargoyle Berserker on May 24, 2018.
             Was an Elder of Trog.
             Slain by an orc warrior
             ... wielding a +0 trident
              (13 damage)
             ... in the Dungeon (Sprint IX: "|||||||||||||||||||||||||||||").
             The game lasted 00:00:40 (624 turns).

Fang the Skirmisher (Gargoyle Berserker)             Turns: 624, Time: 00:00:41

Health: -4/38      AC: 16    Str: 22    XL:     5   Next: 11%
Magic:  5/5        EV:  9    Int: 10    God:    Trog [****..]
Gold:   0          SH:  0    Dex:  9    Spells: 4/4 levels left

rFire    . . .     SeeInvis .   m - +3 war axe (freeze)
rCold    . . .     Gourm    .   (no shield)
rNeg     + . .     Faith    .   n - +1 chain mail
rPois    ∞         Spirit   .   (no helmet)
rElec    +         Reflect  .   (no cloak)
rCorr    .         Harm     .   (no gloves)
MR       .....     NoTele   +   (no boots)
Stlth    ..........             (no amulet)
HPRegen  0.12/turn              p - +3 ring of intelligence
MPRegen  0.09/turn              o - +2 ring of protection

@: berserk cooldown, slowed, very slow
A: negative energy resistance 1, electricity resistance, unbreathing,
petrification resistance, rot immunity, AC +4
a: Berserk, Trog's Hand, Brothers in Arms, Burn Spellbooks, Renounce Religion


You were in the Dungeon.
You worshipped Trog.
Trog was greatly pleased with you.
You were very hungry.

You visited 1 branch

Inventory:

Hand Weapons
 a - a +0 hand axe
 m - a +3 war axe of freezing (weapon)
Armour
 b - a +0 animal skin
 n - a +1 chain mail (worn)
Jewellery
 o - a +2 ring of protection (right hand)
 p - a +3 ring of intelligence (left hand)
Wands
 l - a wand of iceblast (10)
Scrolls
 i - 2 scrolls of blinking
 k - 3 scrolls of remove curse
Potions
 d - 5 potions of curing
 e - 3 potions of heal wounds
 f - a potion of haste
 g - 4 potions of magic
 h - a potion of berserk rage
 j - a potion of invisibility
Comestibles
 c - a ration


   Skills:
 + Level 7.0 Fighting
 + Level 5.8 Axes
 + Level 3.7 Armour
 + Level 3.9 Dodging
 + Level 1.1 Stealth


You had 4 spell levels left.
You didn't know any spells.

Dungeon Overview and Level Annotations

Branches:
Dungeon (1/1)

Altars:
Cheibriados
Dithmenos
Elyvilon
Fedhas
Gozag
Hepliaklqana
Kikubaaqudgha
Makhleb
Nemelex Xobeh
Okawaru
Qazlal
Ru
Sif Muna
Trog
Uskayaw
Vehumet
Wu Jian
Xom
Yredelemnul
Zin
The Shining One
Beogh
Jiyva
Lugonu


Innate Abilities, Weirdness & Mutations

You are resistant to torment.
Your stone body is resilient. (AC +4)
You are immune to poison.
You resist negative energy. (rN+)
You are resistant to electric shocks. (rElec)
You can survive without breathing.
You are immune to petrification.
You are immune to rotting.


Message History

You are exhausted.
You feel yourself slow down.
You hit the orc warrior. You freeze the orc warrior.
The orc warrior is moderately wounded.
The orc warrior hits you with a trident.
The orc warrior closely misses you.
You completely miss the orc warrior.
The orc warrior is moderately wounded.
The orc warrior hits you with a trident.
* * * LOW HITPOINT WARNING * * *
The orc warrior closely misses you.
You slash the orc warrior! You freeze the orc warrior.
The orc warrior is severely wounded.
The howler monkey hoots and howls with incredible vigour!
The orc warrior completely misses you.
Your chain mail prevents you from hitting the orc warrior.
The orc warrior is severely wounded.
The bullfrog releases a deep croak.
The orc warrior hits you with a trident!
You die... ▓▓▓▓▓▓▓▓▓▓▓▓▓▓▓▓▓▓▓▓▓▓▓▓ +..9hFo@...[[)|?.'______ ▓▓▓▓▓▓▓▓▓▓▓▓▓▓▓▓▓▓▓▓▓▓▓▓

You could see an orc warrior, a gargoyle, a bullfrog and a howler monkey.

Vanquished Creatures
  A big kobold (D)
  A howler monkey (D)
  An adder (D)
  A shadow imp (D)
  An adder skeleton (D)
  A leopard gecko (D)
  A bat skeleton (D)
  2 frilled lizards (D)
  3 kobolds (D)
12 creatures vanquished.

Notes
Turn   | Place    | Note
-------+----------+-------------------------------------------
     0 | D        | Fang the Gargoyle Berserker began the quest for the Orb.
     0 | D        | Reached XP level 1. HP: 14/14 MP: 1/1
    20 | D        | Reached ** piety under Trog
   233 | D        | Noticed a howler monkey
   236 | D        | Killed a howler monkey
   236 | D        | Reached skill level 5 in Fighting
   236 | D        | Reached XP level 2. HP: 21/21 MP: 2/2
   236 | D        | Reached XP level 3. HP: 26/26 MP: 3/3
   240 | D        | Reached *** piety under Trog
   257 | D        | Reached XP level 4. HP: 2/32 MP: 4/4
   547 | D        | Found a roughly hewn altar of Beogh.
   547 | D        | Found a snail-covered altar of Cheibriados.
   547 | D        | Found a shadowy altar of Dithmenos.
   547 | D        | Found a white marble altar of Elyvilon.
   547 | D        | Found a blossoming altar of Fedhas.
   547 | D        | Found an opulent altar of Gozag.
   548 | D        | Found a hazy altar of Hepliaklqana.
   549 | D        | Found a viscous altar of Jiyva.
   550 | D        | Found an ancient bone altar of Kikubaaqudgha.
   551 | D        | Found a corrupted altar of Lugonu.
   552 | D        | Found a burning altar of Makhleb.
   553 | D        | Found a sparkling altar of Nemelex Xobeh.
   554 | D        | Found an iron altar of Okawaru.
   555 | D        | Found a stormy altar of Qazlal.
   556 | D        | Found a sacrificial altar of Ru.
   557 | D        | Found a deep blue altar of Sif Muna.
   558 | D        | Found a bloodstained altar of Trog.
   559 | D        | Found a hide-covered altar of Uskayaw.
   560 | D        | Found a radiant altar of Vehumet.
   561 | D        | Found an ornate altar of the Wu Jian Council.
   562 | D        | Found a shimmering altar of Xom.
   563 | D        | Found a basalt altar of Yredelemnul.
   564 | D        | Found a glowing silver altar of Zin.
   565 | D        | Found a glowing golden altar of the Shining One.
   576 | D        | Found the +8 autumn katana {slice, Clar}
   606 | D        | Noticed a gargoyle
   606 | D        | Noticed a bullfrog
   606 | D        | Noticed an orc warrior
   606 | D        | Noticed a big kobold
   611 | D        | Reached **** piety under Trog
   616 | D        | Killed a big kobold
   616 | D        | Reached skill level 7 in Fighting
   616 | D        | Reached skill level 5 in Axes
   616 | D        | Reached skill level 1 in Stealth
   616 | D        | Reached XP level 5. HP: 24/38 MP: 5/5
   624 | D        | Slain by an orc warrior

Skill      XL: |  1  2  3  4 |
---------------+-------------+-----
Axes           | 4 5 |  5.8
Fighting       | 5 7 |  7.0
Armour         | 3 |  3.7
Dodging        | 2 3 |  3.9
Stealth        | 1 |  1.1

Action                   |  1- 3 |  4- 6 || total
-------------------------+-------+-------++-------
Melee: Hand axe          |    44 |       ||    44
       War axe           |       |    16 ||    16
Invok: Berserk           |     1 |     1 ||     2
Armor: Animal skin       |    12 |       ||    12
       Chain mail        |       |     4 ||     4
Dodge: Dodged            |    28 |    10 ||    38
